Map: Divergence LE

Players

Luiso

  • Race: Zerg Zerg
  • League: Gold
  • Spawn Location: 11:00

Joviwap

  • Race: Protoss Protoss
  • League: Platinum
  • Spawn Location: 11:00

Massa - Winner!

  • Race: Terran Terran
  • League: Gold
  • Spawn Location: 5:00

qqq - Winner!

  • Race: Zerg Zerg
  • Spawn Location: 5:00

VOD

Have the link to the VOD?

Description

Time

  • Played on: June 29, 2020, 3:38 p.m.
  • Length: 11:16
Show
View Real Time Build Order
Export as new Build Order

Luiso Zerg 

Build Orders: Pool First, Swarm Host 

Get SALT Encoding   

  12  0:19  Drone  
  13  0:27  Spawning Pool  
  12  0:37  Drone x2, Extractor  
  12  0:38  Drone  
  14  0:50  Overlord  
  14  1:09  Drone x2  
  16  1:14  Queen  
  18  1:21  Zergling x2  
  19  1:32  Zergling x2  
  20  1:45  Zergling x2  
  21  1:59  Hatchery  
  20  2:01  Metabolic Boost  
  20  2:03  Zergling x2  
  21  2:15  Zergling x2  
  22  2:24  Overlord  
  22  2:33  Lair  
  22  2:35  Overlord  
  22  2:45  Zergling x4  
  22  2:48  Drone  
  25  2:52  Drone  
  25  2:56  Drone  
  27  3:08  Drone  
  27  3:11  Extractor  
  27  3:15  Drone x3  
  27  3:19  Drone  
  31  3:44  Queen  
  31  3:45  Drone  
  31  3:46  Drone x2  
  31  3:47  Drone x2  
  37  4:28  Zergling x10  
  37  4:29  Zergling x2  
  43  4:34  Spire, Overlord x3  
  41  5:36  Drone x2  
  41  5:37  Drone x3  
  41  5:38  Drone  
  41  5:39  Extractor  
  46  6:03  Mutalisk x2  
  50  6:04  Mutalisk x2  
  54  6:12  Mutalisk x3  
  54  6:13  Mutalisk  
  60  6:48  Mutalisk x2  
  60  6:49  Mutalisk  
  60  6:50  Drone, Overlord x2  
  60  6:51  Overlord x3  
  67  6:55  Spore Crawler x2  
  65  7:03  Pneumatized Carapace  
  65  7:04  Drone  
  66  7:09  Drone  
  66  7:10  Drone x5  
  66  7:14  Extractor  
  52  8:34  Mutalisk x6  
  52  8:35  Mutalisk x2  
  52  8:40  Drone x5  
  73  8:41  Drone x2  
  73  8:42  Drone  
  76  9:29  Drone x3, Infestation Pit  
  78  9:31  Nydus Network  
  77  9:39  Baneling Nest  
  68  10:08  Swarm Host x6  
  86  10:14  Overseer  
  86  10:19  Overseer  
  86  10:20  Drone  
  88  10:21  Drone x4  
  88  10:22  Drone x2  
  93  10:28  Hatchery  
Show
View Real Time Build Order
Export as new Build Order

Joviwap Protoss 

Build Orders:  

Get SALT Encoding   

  12  0:01  Probe  
  13  0:13  Probe  
  14  0:20  Pylon  
  14  0:25  Probe  
  15  0:38  Probe  
  16  0:43  Gateway  
  16  0:50  Probe  
  16  0:56  Assimilator  
  17  1:02  Probe  
  18  1:18  Probe  
  19  1:27  Gateway  
  18  1:41  Pylon  
  18  1:48  Forge  
  18  2:01  Probe  
  18  2:04  Assimilator  
  19  2:11  Nexus  
  19  2:27  Zealot  
  21  2:32  Pylon  
  21  2:37  Cybernetics Core  
  21  2:39  Probe  
  22  2:47  Probe  
  21  2:56  Zealot  
  24  3:08  Probe  
  24  3:09  Photon Cannon  
  25  3:20  Pylon  
  25  3:45  Probe, Photon Cannon  
  26  3:57  Probe  
  27  4:26  Stargate  
  27  4:27  Stargate x2  
  27  4:40  Photon Cannon  
  27  4:42  Photon Cannon  
  27  4:49  Photon Cannon  
  27  5:10  Warp Gate  
  27  5:12  Stalker  
  27  5:13  Stalker  
  31  5:16  Phoenix  
  34  5:28  Probe x2  
  35  5:39  Phoenix  
  35  5:40  Probe x2  
  39  5:46  Phoenix  
  41  5:52  Probe  
  41  5:53  Phoenix  
  44  6:31  Phoenix x2  
  48  6:37  Probe x2  
  48  6:45  Probe x2, Phoenix  
  54  7:09  Pylon  
  54  7:12  Pylon  
  54  7:15  Pylon  
  54  7:19  Assimilator  
  54  7:22  Pylon  
  54  7:24  Assimilator  
  54  7:27  Probe x2  
  56  7:39  Probe x2  
  58  7:51  Probe x2  
  60  8:03  Probe x2  
  62  8:15  Probe  
  62  8:19  Stalker x2  
  47  8:58  Probe x2  
  49  9:04  Void Ray x3  
  61  9:10  Probe x2  
  61  9:14  Twilight Council  
  63  9:19  Gateway  
  63  9:20  Gateway  
  63  9:22  Probe x2  
  65  9:24  Gateway  
  65  9:27  Gateway  
  65  9:28  Gateway  
  65  9:30  Gateway  
  65  9:33  Gateway  
  65  9:34  Pylon  
  65  9:37  Pylon  
  65  9:47  Void Ray  
  69  9:55  Nexus  
  69  10:00  Pylon  
  69  10:01  Pylon  
  69  10:03  Assimilator x2  
  69  10:05  Pylon x2  
  69  10:23  Fleet Beacon  
  69  10:30  Zealot  
  69  10:31  Zealot x4  
  76  11:05  Photon Cannon  
  58  11:09  Photon Cannon  
Show
View Real Time Build Order
Export as new Build Order

Massa Terran - Winner!

Build Orders:  

Get SALT Encoding   

  12  0:10  SCV  
  13  0:22  Supply Depot  
  13  0:23  SCV  
  13  0:28  Refinery  
  14  0:35  SCV  
  15  0:46  Barracks  
  15  0:52  SCV  
  16  1:05  SCV  
  16  1:09  Refinery  
  17  1:17  SCV  
  18  1:29  SCV  
  18  1:46  SCV  
  19  1:52  Reaper  
  20  1:56  Supply Depot  
  20  1:58  SCV  
  21  2:10  SCV  
  21  2:14  Barracks  
  22  2:23  Supply Depot  
  22  2:24  Reaper, Orbital Command  
  23  2:51  Factory  
  23  2:56  SCV, Reaper  
  25  3:10  Reaper  
  26  3:14  Command Center  
  24  3:43  Marine x2  
  24  3:45  Factory Tech Lab  
  26  3:55  Bunker  
  26  4:01  Marine x2  
  28  4:23  Marine x2  
  29  4:29  SCV, Barracks  
  30  4:31  SCV  
  30  4:37  Siege Tank  
  34  4:41  SCV, Marine x2  
  34  4:43  SCV  
  38  4:52  Barracks  
  38  4:53  SCV  
  38  4:56  SCV  
  38  4:58  Marine  
  42  5:05  Barracks Tech Lab, SCV  
  42  5:08  SCV  
  42  5:09  Siege Tank  
  46  5:16  Marine  
  46  5:17  SCV  
  48  5:25  Marauder, Marine  
  50  5:34  Marine  
  51  5:39  Refinery  
  51  5:40  SCV, Engineering Bay  
  52  5:43  Orbital Command, Marine  
  53  5:52  SCV  
  53  5:55  Command Center  
  54  5:57  Supply Depot  
  54  6:00  Barracks Tech Lab  
  54  6:11  Barracks Reactor  
  54  6:19  SCV, Marauder, Supply Depot  
  54  6:21  Barracks Reactor  
  57  6:26  Refinery  
  57  6:28  Refinery  
  57  6:32  SCV x2  
  59  6:41  Marauder x2  
  59  6:42  Supply Depot  
  59  6:44  SCV x2  
  65  6:50  Starport  
  65  6:56  SCV x2, Stimpack  
  65  6:58  Marine x2  
  65  6:59  Marine  
  70  7:03  Marine x3  
  70  7:05  Supply Depot  
  70  7:08  SCV x2, Supply Depot  
  74  7:11  Missile Turret  
  74  7:12  Supply Depot  
  75  7:15  Missile Turret  
  75  7:16  Marine x2  
  75  7:20  SCV x2  
  75  7:21  Marine  
  80  7:28  Supply Depot  
  80  7:32  Combat Shield  
  80  7:47  Marine x4  
  80  7:48  Marine x2  
  86  7:58  SCV x3  
  87  8:05  Marine x6  
  90  8:10  SCV  
  93  8:23  Marine x6  
  92  8:36  Concussive Shells  
  92  8:40  Marine  
  92  8:41  Marine x5  
  82  8:59  Marine x3  
  82  9:00  Marine x3  
  84  9:09  Missile Turret x2  
  80  9:12  Missile Turret  
  78  9:17  Marauder x2, Marine x3  
  78  9:18  Marine  
  86  9:31  Missile Turret  
  86  9:32  Missile Turret  
  86  9:34  Missile Turret  
  86  9:35  Marine x4  
  86  9:38  Marine  
  90  9:39  Marauder  
  90  9:40  Missile Turret  
  90  9:41  Missile Turret  
  90  9:42  Missile Turret  
  93  9:52  Missile Turret  
  93  9:53  Marine x4  
  93  9:56  Marine  
  93  9:59  Marine  
  98  10:00  Siege Tank  
  98  10:02  Missile Turret  
  98  10:03  Missile Turret x2  
  102  10:10  Medivac  
  102  10:14  Marine  
  104  10:17  Marine  
  104  10:20  Orbital Command  
  106  10:21  SCV x2  
  106  10:25  Missile Turret x2  
  106  10:26  Missile Turret  
  108  10:32  Siege Tank  
  108  10:33  SCV  
  108  10:34  SCV  
  113  10:37  Armory  
  113  10:39  Factory  
  113  10:40  Medivac  
  115  10:45  SCV  
  115  10:46  SCV  
Show
View Real Time Build Order
Export as new Build Order

qqq Zerg - Winner!

Build Orders: Hatch First 

Get SALT Encoding   

  12  0:03  Drone  
  13  0:31  Hatchery  
  12  0:36  Drone  
  12  0:39  Drone  
  14  0:48  Overlord  
  14  1:17  Drone  
  15  1:22  Spawning Pool  
  14  1:33  Overlord  
  14  1:34  Drone x2  
  14  1:37  Extractor  
  15  1:53  Drone  
  16  2:01  Drone x2  
  16  2:06  Drone  
  16  2:07  Drone  
  20  2:09  Queen  
  20  2:13  Zergling x2  
  23  2:21  Queen  
  23  2:22  Drone  
  26  2:26  Zergling x2  
  26  2:28  Drone  
  28  2:47  Zergling x4  
  28  2:48  Drone  
  28  2:49  Zergling x2  
  32  2:52  Metabolic Boost  
  32  3:00  Drone  
  32  3:01  Zergling x4  
  35  3:09  Baneling Nest  
  34  3:15  Zergling x2  
  35  3:26  Zergling x2  
  36  3:27  Overlord x3  
  36  3:53  Zergling x4  
  36  3:55  Drone x2, Zergling x2  
  41  3:56  Zergling x4  
  41  4:00  Baneling x4  
  41  4:01  Baneling x2  
  43  4:08  Zergling x8  
  46  4:30  Zergling x4  
  48  4:33  Drone  
  48  4:34  Drone x2, Zergling x2  
  52  4:39  Zergling x2  
  52  4:40  Lair  
  52  5:09  Hatchery  
  50  5:20  Spore Crawler  
  49  5:21  Spore Crawler  
  49  5:22  Drone  
  49  5:23  Drone x2  
  51  5:51  Spire  
  51  5:52  Extractor  
  49  6:00  Zergling x10  
  49  6:01  Zergling x2  
  49  6:02  Drone x4  
  49  6:04  Overlord x3  
  59  6:06  Extractor  
  59  6:07  Extractor  
  57  6:17  Zergling x2  
  58  6:22  Hatchery  
  56  6:27  Hatchery  
  56  6:29  Overlord  
  55  6:34  Drone x4  
  55  6:35  Drone  
  59  6:47  Pneumatized Carapace  
  59  6:49  Overseer  
  59  6:53  Zergling x8  
  63  6:57  Spore Crawler  
  63  7:00  Drone  
  63  7:02  Drone  
  63  7:03  Drone x4  
  63  7:06  Spore Crawler  
  67  7:11  Mutalisk  
  69  7:19  Spine Crawler  
  67  7:36  Drone x2  
  67  7:37  Drone x4  
  67  7:38  Drone  
  71  7:46  Spore Crawler  
  71  7:50  Spore Crawler  
  66  7:53  Drone x3  
  66  7:54  Drone  
  66  7:57  Spore Crawler  
  68  8:03  Spore Crawler  
  40  8:31  Corruptor x3  
  45  8:37  Zerg Flyer Weapons Level 1  
  45  8:41  Drone x5  
  46  8:42  Drone  
  46  8:46  Spore Crawler  
  50  8:48  Drone  
  50  8:50  Drone  
  50  8:51  Drone  
  53  8:55  Drone  
  53  8:56  Drone  
  53  8:57  Drone  
  53  8:59  Drone  
  57  9:04  Spore Crawler  
  57  9:07  Spore Crawler  
  55  9:12  Drone, Spore Crawler  
  55  9:13  Drone x2  
  57  9:22  Corruptor  
  57  9:23  Corruptor  
  61  9:27  Overlord x2  
  61  9:32  Drone  
  62  9:38  Overlord  
  62  9:39  Overlord  
  62  9:47  Corruptor x3  
  62  9:49  Drone  
  62  9:50  Drone  
  62  9:51  Drone  
  62  9:52  Drone  
  72  9:53  Drone  
  70  10:01  Drone x2  
  70  10:07  Spore Crawler  
  71  10:09  Spore Crawler  
  71  10:13  Spine Crawler  
  71  10:14  Drone x2, Spore Crawler  
  68  10:15  Drone x5  
  68  10:16  Zergling x2  
  76  10:46  Corruptor x6  
  76  10:48  Zergling x8  
  76  10:49  Zergling x4  
Tags
 
Add a new tag
Caveats
  • Supply blocks, unpowered buildings, or Contaminate may cause inaccurate times.
  • Supply counts are checked every 10 seconds.